 Dungeon Crawl Stone Soup version 0.16.0-16-g311141a (webtiles) character file.

2150 Chiseanne the Skirmisher (level 9, -7/71 HPs)
             Began as a Mummy Monk on Mar 19, 2015.
             Was an Elder of Cheibriados.
             Killed from afar by a hobgoblin (10 damage)
             ... with a wand of flame
             ... on level 8 of the Dungeon.
             The game lasted 00:31:18 (7981 turns).

Chiseanne the Skirmisher (Mummy Monk)               Turns: 7981, Time: 00:31:19

Health: -7/71      AC: 12    Str: 24    XL:     9   Next: 10%
Magic:  13/13      EV: 16    Int: 22    God:    Cheibriados [****..]
Gold:   367        SH:  0    Dex: 27    Spells: 2 memorised, 3 levels left

rFire  x . .     SeeInvis .     a - +3 spear (distort)
rCold  + . .     Clarity  .     k - +0 scale mail
rNeg   + + +     SustAb   .     (no shield)
rPois  ∞         Gourm    .     d - +0 helmet
rElec  .         Spirit   .     F - +0 cloak
rCorr  .         Warding  .     c - +1 pair of gloves
rMut   .         Stasis   .     (no boots)
MR     +....                    (no amulet)
Stlth  +.........               e - +3 ring of dexterity
                                j - ring of wizardry

@: very slow, somewhat resistant to hostile enchantments, very unstealthy
A: no food or potions, fire vulnerability, restore body, cold resistance 1,
negative energy resistance 3, poison resistance, torment resistance, unbreathing
a: Bend Time, Temporal Distortion, Slouch, Renounce Religion


You were on level 8 of the Dungeon.
You worshipped Cheibriados.
Cheibriados was greatly pleased with you.
You were not hungry.

You visited 2 branches of the dungeon, and saw 9 of its levels.

You collected 367 gold pieces.

Inventory:

Hand weapons
 a - a +3 spear of distortion (weapon)
 v - a +0 falchion of electrocution
 w - a +0 blowgun
Missiles
 f - 27 poisoned needles
 g - 18 arrows of frost
 o - 142 arrows
 r - 51 bolts
 u - 4 arrows of flame
 z - 13 needles of slowing
 A - 18 sling bullets
 C - 2 silver tomahawks (quivered)
 D - 8 tomahawks
Armour
 c - a +1 pair of gloves (worn)
 d - a +0 helmet (worn)
 k - a +0 scale mail (worn)
 F - a +0 cloak (worn)
Jewellery
 b - an uncursed ring of teleportation
 e - a +3 ring of dexterity (right hand)
 j - a ring of wizardry (left hand)
Magical devices
 q - a wand of confusion (10)
 x - a wand of fireball (2)
Scrolls
 h - 3 scrolls of teleportation
 i - a scroll of recharging
 l - 3 scrolls of immolation
 m - 5 scrolls of identify
 n - 2 scrolls of magic mapping
 t - 3 scrolls of remove curse
 y - 2 scrolls of blinking
Books
 p - a book of Hinderance

   Spells                             Type                      Level
   a - Confusing Touch                Hexes                        2
   b - Confuse                        Hexes                        3
   c - Petrify                        Transmutation/Earth          4
   d - Metabolic Englaciation         Hexes/Ice                    5
   e - Gell's Gravitas                Hexes/Translocation          5
   f - Summon Mana Viper              Hexes/Summoning              5
 B - a book of Transfigurations

   Spells                             Type                      Level
   a - Stoneskin                      Transmutation/Earth          2
   b - Irradiate                      Conjuration/Transmutation    5
   c - Statue Form                    Transmutation/Earth          6
   d - Hydra Form                     Transmutation                6
   e - Dragon Form                    Transmutation                7


   Skills:
 * Level 6.6 Fighting
 * Level 6.1 Armour
 * Level 5.7 Dodging
 - Level 1.5 Stealth
 - Level 3.2 Unarmed Combat
 * Level 2.9 Invocations
 - Level 1.1 Evocations


You had 3 spell levels left.
You knew the following spells:

 Your Spells              Type           Power        Failure   Level  Hunger
a - Confusing Touch       Hex            #.....       30%         2    N/A
b - Confuse               Hex            #.......     63%         3    N/A

Dungeon Overview and Level Annotations

Branches:
Dungeon (8/15)             Temple (1/1) D:4
   Lair: D:8-11

Altars:
Cheibriados
Kikubaaqudgha
Makhleb
Qazlal
Vehumet
The Shining One

Annotations:
D:5 HungrySpirit's ghost, experienced DDFi
D:8 Gastronok


Innate Abilities, Weirdness & Mutations

You do not eat or drink.
Your flesh is vulnerable to fire.
Your flesh is cold resistant.
You are immune to negative energy.
Your system is resistant to poisons.
You are immune to unholy pain and torment.
You can survive without breathing.


Message History

Gastronok waves his eye-stalks in wide circles.
The air twists around and strikes you!
You hit the rat.
You kill the rat!
The rat's corpse disappears in a puff of smoke!
Gastronok bites you!!
* * * LOW HITPOINT WARNING * * *
You hit Gastronok.
Gastronok is lightly wounded.
Gastronok blinks!
Gastronok casts a spell.
Use which ability? (? or * to list)
You fail to use your ability.
The hobgoblin zaps a wand.
The puff of flame hits you! The fire burns you terribly!
* * * LOW HITPOINT WARNING * * *
Read which item? (? for menu, Esc to quit)
As you read the scroll of fog, it crumbles to dust.
The scroll dissolves into smoke.
The hobgoblin zaps a wand.
The puff of flame hits you! The fire burns you terribly!
You die...

#.......#§...§
#.......#.....
#..##......_..
#..'....#.....
#..###..#§...§
#######.......###.##
#.§§§..............#
###.§§§§.............#
#..§§@#...#.....#.....
#...§§§..##...#.#.....
#...§§#.........#.....
#..g#...........#.....
#...#.................
#...#r...#............
#.. w.r..#............
#........######.....##
. ......# #######


You could see a hobgoblin.

Vanquished Creatures
  A shadow (D:8)
  Eustachio (D:4)
  2 orc warriors
  A sky beast (D:7)
  An ogre (D:8)
  A black bear (D:6)
  A centaur (D:7)
  Sigmund (D:4)
  A big kobold (D:7)
  A giant frog (D:5)
  2 jellies
  3 crimson imps
  A giant frog skeleton (D:7)
  A hound (D:4)
  8 orc wizards
  Crazy Yiuf (D:7)
  2 orc priests (D:5)
  4 worker ants
  Ijyb (D:5)
  A hound skeleton (D:4)
  4 gnolls (D:7)
  Robin (D:4)
  A river rat (D:4)
  2 shadow imps
  11 adders
  A giant mite (D:4)
  A worm (D:1)
  An adder skeleton (D:4)
  An adder zombie (D:8)
  4 giant geckos
  An ooze (D:4)
  20 orcs
  12 bats
  A bat skeleton (D:4)
  2 giant cockroaches
  16 hobgoblins
  3 jackals (D:3)
  4 quokkas
  5 giant newts
  24 goblins
  18 kobolds
  A quokka zombie (D:5)
  22 rats
  A fungus (D:7)
192 creatures vanquished.

Vanquished Creatures (others)
  A hungry ghost (D:7)
  A centaur (D:7)
  2 goliath beetles (D:7)
  2 worker ants (D:7)
  An orc wizard (D:5)
  A gnoll (D:7)
8 creatures vanquished.

Grand Total: 200 creatures vanquished

Notes
Turn   | Place    | Note
--------------------------------------------------------------
     0 | D:1      | Chiseanne, the Mummy Monk, began the quest for the Orb.
     0 | D:1      | Reached XP level 1. HP: 18/18 MP: 1/1
   170 | D:1      | Reached XP level 2. HP: 22/24 MP: 2/2
   742 | D:1      | Reached XP level 3. HP: 22/30 MP: 3/3
  1597 | D:2      | Reached skill level 4 in Fighting
  1597 | D:2      | Reached XP level 4. HP: 35/37 MP: 4/4
  2294 | D:3      | Reached skill level 1 in Armour
  2327 | D:3      | Reached skill level 1 in Evocations
  2380 | D:3      | Reached XP level 5. HP: 36/42 MP: 5/5
  3163 | D:4      | Found a staircase to the Ecumenical Temple.
  3165 | D:4      | Noticed Robin
  3386 | D:4      | Killed Robin
  3552 | Temple   | Entered the Ecumenical Temple
  3564 | Temple   | Became a worshipper of Cheibriados the Contemplative
  3564 | Temple   | Acquired Cheibriados' first power
  3740 | D:4      | Found a glowing golden altar of the Shining One.
  3791 | D:4      | Noticed Sigmund
  3799 | D:4      | Killed Sigmund
  3799 | D:4      | Reached XP level 6. HP: 37/49 MP: 2/7
  3926 | D:4      | Learned a level 2 spell: Confusing Touch
  4004 | D:4      | Noticed Eustachio
  4036 | D:4      | Killed Eustachio
  4036 | D:4      | Reached skill level 5 in Fighting
  4444 | D:4      | Reached skill level 1 in Invocations
  4759 | D:5      | Entered Level 5 of the Dungeon
  4767 | D:5      | Reached XP level 7. HP: 46/56 MP: 8/8
  4866 | D:5      | Acquired Cheibriados' second power
  5073 | D:5      | Noticed HungrySpirit's ghost (experienced DDFi)
  5329 | D:5      | Noticed Ijyb
  5342 | D:5      | Killed Ijyb
  5427 | D:5      | Learned a level 3 spell: Confuse
  5610 | D:6      | Found an ancient bone altar of Kikubaaqudgha.
  5912 | D:6      | Acquired Cheibriados' third power
  6299 | D:7      | Reached XP level 8. HP: 64/64 MP: 10/10
  6385 | D:7      | Reached skill level 6 in Fighting
  6590 | D:7      | Reached skill level 5 in Dodging
  6618 | D:7      | Noticed Crazy Yiuf
  6622 | D:7      | Got a shimmering hammer
  6623 | D:7      | Reached skill level 5 in Armour
  6628 | D:7      | Killed Crazy Yiuf
  6636 | D:7      | Identified the +5 hammer "Genid" {venom, +Rage} (You found it on level 7 of the Dungeon)
  7136 | D:7      | Found a radiant altar of Vehumet.
  7137 | D:7      | Found a burning altar of Makhleb.
  7496 | D:8      | Found a stormy altar of Qazlal.
  7587 | D:8      | Reached XP level 9. HP: 33/71 MP: 12/12
  7963 | D:8      | Noticed Gastronok
  7980 | D:8      | HP: 3/71 [hobgoblin/wand of flame (6)]
  7981 | D:8      | Killed from afar by a hobgoblin

Action                   |  1- 3 |  4- 6 |  7- 9 || total
-------------------------+-------+-------+-------++-------
Melee: Unarmed           |   127 |     2 |       ||   129
       Long sword        |       |   191 |    74 ||   265
       Spear             |       |       |   175 ||   175
 Fire: Blowgun           |       |       |     3 ||     3
Invok: Bend Time         |       |     1 |     2 ||     3
       Temporal Distorti |       |       |     2 ||     2
Evoke: Wand              |       |       |     3 ||     3
  Use: Scroll            |     4 |     6 |     5 ||    15
